 Dungeon Crawl Stone Soup version 0.31-a0-66-ge618eeaa78 (webtiles) character file.

Game seed: 5030819445036742356

4541 Zonian the Protected (level 10, 0/83 (97) HPs)
             Began as an Armataur Fighter on May 22, 2023.
             Was a Priest of Ashenzari.
             Slain by a wight
             ... wielding a +4 halberd of freezing
              (5 damage)
             ... on level 9 of the Dungeon on May 23, 2023.
             The game lasted 00:24:56 (9503 turns).

Zonian the Protected (Armataur Fighter)             Turns: 9503, Time: 00:24:56

HP:   0/83 (97)     AC: 14    Str: 26    XL:     10   Next: 17%
MP:   19/19         EV:  8    Int:  9    God:    Ashenzari [***...]
Gold: 691           SH: 11    Dex: 12    Spells: 9/9 levels left

rFire   . . .        L - +6 flail "Tuaf Aro" {heavy, rElec MP+9 Str+3}
rCold   . . .        c - +1 buckler of Ashenzari's Seer {Self, Alch} (curse)
rNeg    . . .        b - +0 scale mail
rPois   +            R - +1 helmet "Eternal With Me" {Comp, Cun} (curse)
rElec   +            D - +0 cloak of the Unyielding Gaze {Bglg, Comp} (curse)
rCorr   .            g - +0 pair of gloves
SInv    +            (no barding)
Will    +....        x - amulet of the Fated Seeker {Reflect SH+5, Comp, Elem} (curse)
Stlth   +++          d - ring "Vovuass" {Wiz Will+}
HPRegen 0.33/turn    I - ring of the Revealing Repose {rPois, Fort, Comp} (curse)
MPRegen 0.16/turn

%: reflection, clarity, roll, wizardry (x1)
@: heavily drained
A: large, rugged brown scales 3, deformed body, armoured tail, roll, long
tongue, awkward tongue
a: Renounce Religion, Shatter the Chains


You were on level 9 of the Dungeon.
You worshipped Ashenzari.
Ashenzari was most pleased with you.
You visited 1 branch of the dungeon, and saw 9 of its levels.

You collected 691 gold pieces.

Inventory:

Hand Weapons
 a - a +0 rapier
 k - a +1 short sword of electrocution
 m - a +0 short sword
 q - the +6 hand axe of the Equator {heavy, rC+ Stlth+}
   (You found it on level 2 of the Dungeon)

   rC:        It protects you from cold.
   Stlth:     It makes you more stealthy.
 B - a +1 dagger of speed
 L - the +6 flail "Tuaf Aro" (weapon) {heavy, rElec MP+9 Str+3}
   (You found it on level 6 of the Dungeon)

   Str:       It affects your strength (+3).
   rElec:     It insulates you from electricity.
   MP:        It affects your magic capacity (+9).
 Q - the +6 morningstar of the Protecting Gods {flame, rPois rN+ Will+ Dex-2}
   (You found it on level 4 of the Dungeon)

   Dex:       It affects your dexterity (-2).
   rPois:     It protects you from poison.
   rN:        It protects you from negative energy.
   Will:      It increases your willpower.
Missiles
 i - 4 poisoned darts
 u - 2 throwing nets (quivered)
 S - 5 javelins
Armour
 b - a +0 scale mail (worn)
 c - the cursed +1 buckler of Ashenzari's Seer (worn) {Self, Alch}

   It has a curse which improves the following skills: Introspection: Fighting
   and Spellcasting.
   Alchemy:   Poison Magic and Transmutations.
 g - a +0 pair of gloves (worn)
 D - the cursed +0 cloak of the Unyielding Gaze (worn) {Bglg, Comp}
   (You found it on level 5 of the Dungeon)

   It has a curse which improves the following skills: Beguiling: Conjurations,
   Hexes and Translocations.
   Companions: Summonings and Necromancy.
 F - a +0 helmet
 R - the cursed +1 helmet "Eternal With Me" (worn) {Comp, Cun}
   (You found it on level 7 of the Dungeon)

   It has a curse which improves the following skills: Companions: Summonings
   and Necromancy.
   Cunning:   Dodging and Stealth.
Jewellery
 d - the ring "Vovuass" (left hand) {Wiz Will+}
   (You found it on level 4 of the Dungeon)

   [ring of wizardry]

   It improves your spell success rate.
   Will:      It increases your willpower.
 x - the cursed amulet of the Fated Seeker (around neck) {Reflect SH+5, Comp, Elem}
   (You took it off a hobgoblin on level 3 of the Dungeon)

   [amulet of reflection]

   It reflects blocked missile attacks.
   SH:        It affects your SH (+5).
   It has a curse which improves the following skills: Companions: Summonings
   and Necromancy.
   Elements:  Fire Magic, Ice Magic, Air Magic and Earth Magic.
 I - the cursed ring of the Revealing Repose (right hand) {rPois, Fort, Comp}
   (You found it on level 6 of the Dungeon)

   [ring of poison resistance]

   rPois:     It protects you from poison.
   It has a curse which improves the following skills: Fortitude: Armour and
   Shields.
   Companions: Summonings and Necromancy.
 J - a ring of willpower
 P - a +4 ring of protection
 T - a +6 ring of dexterity
Wands
 r - a wand of charming (12)
 C - a wand of iceblast (12)
 G - a wand of quicksilver (35)
 M - a wand of flame (19)
Scrolls
 f - 4 scrolls of vulnerability
 p - 2 scrolls of fog
 s - a scroll of teleportation
 t - a scroll of enchant armour
 y - 2 scrolls of amnesia
 A - a scroll of immolation
 H - 2 scrolls of enchant weapon
 K - a scroll of summoning
Potions
 e - 2 potions of ambrosia
 h - 2 potions of cancellation
 j - a potion of resistance
 l - 3 potions of enlightenment
 n - 3 potions of mutation
 v - 6 potions of attraction
 z - 2 potions of haste
 E - 2 potions of brilliance
Miscellaneous
 o - a box of beasts


   Skills:
 + Level 7.5(9.0) Fighting
 - Level 2.0 Short Blades
 - Level 4.2(4.8) Axes
 + Level 3.8(4.9) Maces & Flails
 + Level 9.8(11.3) Armour
 + Level 8.0(9.5) Stealth
 - Level 5.0(6.4) Shields


You had 9 spell levels left.
You didn't know any spells.
Your spell library contained the following spells:

 Spells                   Type           Power      Damage    Failure   Level
 Sandblast                Erth           0%         2d4       32%         1
 Passwall                 Tmut/Erth      0%         N/A       45%         2
 Stone Arrow              Conj/Erth      0%         3d7       67%         3


Dungeon Overview and Level Annotations

Branches:
Dungeon (9/15)             Temple (0/1) D:5            Lair (0/5) D:8
    Orc: D:9-12

Altars:
Ashenzari
Makhleb
Okawaru
Trog
Vehumet
Wu Jian
The Shining One

Shops:
D:8 =

Annotations:
D:4 2 runed translucent doors


Innate Abilities, Weirdness & Mutations

You are completely covered in rugged brown scales. (AC +3, +7% HP)
Armour fits poorly on your strangely shaped body.
You have a long armoured tail.
You roll when moving toward enemies. (Rampage)
Your long tongue fully drains potion bottles. (2x potion effects)
Your tongue gives you trouble enunciating. (1.5x scroll delay)


Message History

You barely miss the wight.
The wight is almost destroyed.
The wight hits you from afar with a +4 halberd of freezing!
* * * LOW HITPOINT WARNING * * *
You feel drained.
* * * LOW HITPOINT WARNING * * *
The wight freezes you.
* * * LOW HITPOINT WARNING * * *
The wight barely misses you. The wight hits you with a +4 dagger.
* * * LOW HITPOINT WARNING * * *
You feel drained.
The wight hits you from afar with a +4 halberd of freezing.
* * * LOW HITPOINT WARNING * * *
You feel drained. The wight freezes you.
* * * LOW HITPOINT WARNING * * *
Okay, then.
You feel much better.
You slurp down every last drop of the potion of heal wounds!
The wight hits you with a +4 dagger!
You feel drained. The wight hits you but does no damage.
You bludgeon the wight!!
You destroy the wight!
You block the wight's attack. x2
Your base Stealth skill increases to level 8!
You roll towards the wight!
You hit the wight.
The wight is lightly damaged.
The wight hits you but does no damage. You block the wight's attack.
You barely miss the wight. You tail-slap the wight.
The wight is moderately damaged.
You block the wight's attack.
You barely miss the wight.
The wight is moderately damaged.
The wight hits you with a +4 halberd of freezing!
* * * LOW HITPOINT WARNING * * *
The wight freezes you.
* * * LOW HITPOINT WARNING * * *
The wight hits you with a +4 halberd of freezing!
* * * LOW HITPOINT WARNING * * *
The wight freezes you.
You die...

,......#.#..# * *,#.#.#.
,* ...........# * *,#.#.#.
,..>......#.####.#.#.#.#.
#..#...#.#..,...#.#.#.#.
#..#.....#.###..#.#.#.#. ,
.#.....................#.
....... .............#.#.
,.......####.##...#.#.#.#.
,
.......z@..............#.
*#..#.).##)......|...#.#.
,#...##..###.##.#.#.#.
,......##..# #.##...#.#.
........##.## #.####...#.
, , .....#<###.#
#.#.####.#.
.......,,...,,.........#.
, ,, .... #.*##.#
###.####.#. ....*#. *#. *
#,* #.#.


You could see a wight.

Vanquished Creatures
  A hornet (D:4)
  Grinder (D:6)
  Sigmund (D:4)
  3 wyverns
  A yak (D:8)
  Menkaure (D:5)
  Duvessa (D:7)
  A water moccasin (D:6)
  5 black bears
  A sky beast (D:7)
  2 centaurs (D:8)
  An ogre (D:4)
  A phantom (D:7)
  6 bullfrogs
  A gnoll sergeant (D:6)
  A scorpion (D:7)
  8 wights
  Dowan (D:7)
  3 killer bees (D:8)
  2 electric eels (D:8)
  2 hounds
  A quasit (D:4)
  A gnoll bouda (D:5)
  2 orc priests (D:6)
  6 jellies
  3 iguanas
  3 sleepcaps
  Terence (D:2)
  3 orc wizards (D:6)
  8 adders
  17 gnolls
  5 shadow imps
  5 white imps (D:4)
  6 ufetubi
  A worm (D:2)
  2 dart slugs
  17 orcs
  2 bats (D:2)
  6 endoplasms
  A giant cockroach (D:2)
  5 goblins
  10 hobgoblins
  7 jackals
  9 kobolds
  4 quokkas
  4 ball pythons
  4 frilled lizards
  A rat (D:1)
178 creatures vanquished.

Notes
Turn   | Place    | Note
-------+----------+-------------------------------------------
     0 | D:1      | Zonian the Armataur Fighter began the quest for the Orb.
     0 | D:1      | Reached XP level 1. HP: 19/19 MP: 1/1
   652 | D:1      | Reached XP level 2. HP: 26/26 MP: 2/2
  1140 | D:2      | Identified the +6 hand axe of the Equator {heavy, rC+
                  | Stlth+}
  1162 | D:2      | Reached skill level 4 in Armour
  1192 | D:2      | Noticed Terence
  1199 | D:2      | Killed Terence
  1200 | D:2      | Reached XP level 3. HP: 22/33 MP: 3/3
  1530 | D:2      | Reached XP level 4. HP: 31/40 MP: 4/4
  1917 | D:3      | Found a broken altar of Ashenzari.
  2428 | D:3      | Became a worshipper of Ashenzari the Shackled
  2505 | D:4      | Reached XP level 5. HP: 22/49 MP: 5/5
  2507 | D:4      | HP: 2/49 [gnoll/+0 flail (7)]
  2675 | D:4      | Reached skill level 5 in Armour
  2898 | D:4      | Reached skill level 1 in Axes
  2898 | D:4      | Reached XP level 6. HP: 37/55 MP: 6/6
  2904 | D:4      | Reached skill level 5 in Shields
  3101 | D:4      | Found a large runed translucent door.
  3101 | D:4      | Found a large runed translucent door.
  3119 | D:4      | Noticed an acid dragon
  3119 | D:4      | Noticed a wyvern
  3142 | D:4      | Noticed a hornet
  3144 | D:4      | Paralysed by a hornet for 2 turns
  3150 | D:4      | Paralysed by a hornet for 1 turns
  3153 | D:4      | Paralysed by a hornet for 3 turns
  3154 | D:4      | HP: 2/55 [hornet (7)]
  3157 | D:4      | Killed a hornet
  3158 | D:4      | Reached skill level 6 in Armour
  3158 | D:4      | Reached XP level 7. HP: 26/64 MP: 7/7
  3403 | D:4      | Identified the ring "Vovuass" {Wiz Will+}
  3428 | D:4      | Found a large runed translucent door.
  3428 | D:4      | Found a large runed translucent door.
  3455 | D:4      | Noticed Sigmund
  3456 | D:4      | Upgraded the game from 0.31-a0-45-g5f0c076935 to
                  | 0.31-a0-66-ge618eeaa78
  3535 | D:4      | Found a burning altar of Makhleb.
  4321 | D:4      | Killed Sigmund
  4322 | D:4      | Reached skill level 5 in Fighting
  4520 | D:5      | Entered Level 5 of the Dungeon
  4612 | D:5      | Reached * piety under Ashenzari
  4850 | D:5      | Reached XP level 8. HP: 53/72 MP: 8/8
  4855 | D:5      | Reached skill level 7 in Armour
  5008 | D:5      | Found an ornate altar of the Wu Jian Council.
  5008 | D:5      | Found a glowing golden altar of the Shining One.
  5050 | D:5      | Found a staircase to the Ecumenical Temple.
  5366 | D:5      | Noticed Menkaure
  5373 | D:5      | Killed Menkaure
  5563 | D:6      | Reached ** piety under Ashenzari
  5653 | D:6      | Found a bloodstained altar of Trog.
  5758 | D:6      | Reached skill level 5 in Stealth
  5772 | D:6      | Noticed Grinder
  6133 | D:6      | Killed Grinder
  6134 | D:6      | Reached skill level 8 in Armour
  6134 | D:6      | Reached XP level 9. HP: 83/84 MP: 9/9
  6142 | D:6      | Identified the +6 flail "Tuaf Aro" {heavy, rElec MP+9
                  | Str+3}
  6531 | D:7      | Noticed Duvessa
  6532 | D:7      | Noticed Dowan
  6538 | D:7      | Killed Duvessa
  6539 | D:7      | Killed Dowan
  6626 | D:7      | Reached skill level 1 in Maces & Flails
  7216 | D:4      | Identified the +6 morningstar of the Protecting Gods
                  | {flame, rPois rN+ Will+ Dex-2}
  7563 | D:7      | Reached skill level 9 in Armour
  8090 | D:8      | Found Ilasaf's Jewellery Boutique.
  8907 | D:8      | Reached XP level 10. HP: 96/96 MP: 10/10
  8915 | D:8      | Found an iron altar of Okawaru.
  8979 | D:8      | Found a radiant altar of Vehumet.
  9020 | D:8      | Reached *** piety under Ashenzari
  9105 | D:8      | Found a staircase to the Lair.
  9498 | D:9      | HP: 4/85 [wight/+4 halberd of freezing (1)]
  9503 | D:9      | Slain by a wight

Illustrated notes

Levels and vault maps discovered:
D:1:      lightli_arrival_chessboard, layout_loops_corners
D:2:      layout_basic, uniq_terence
D:3:      layout_loops_cross, nicolae_ashenzari_skybound
D:4:      cheibrodos_barr_body, layout_loops_ring, makhleb_heckhound_becter,
          serial_demonic, serial_demonic_f, serial_demonic_b, serial_demonic_d,
          serial_demonic_g, serial_demonic_c, serial_demonic_a,
          serial_demonic_f, minmay_hollow_rounded_squares, uniq_sigmund
D:5:      layout_loops_corners, gammafunk_temple_overflow_statue,
          minmay_temple_entry_gardened_gates, uniq_menkaure
D:6:      layout_rooms, bloody_trog, uniq_grinder
D:7:      layout_basic, uniq_duvessa
D:8:      layout_cave_pools, okawaru_metal_pillars_1_2,
          nicolae_overflow_hidden_temple, david_lair_generic,
          serial_column_ruins, column_ruins_open_tiny, column_ruins_open_tiny,
          column_ruins_grid_1, column_ruins_open_tiny, column_ruins_open_small,
          skrybe_limestone_x, nicolae_inconvenience_store
D:9:      layout_basic, erik_orc_4

Skill      XL: |  1  2  3  4  5  6  7  8  9 10 |
---------------+-------------------------------+-----
Short Blades   | 2 |  2.0
Fighting       | 3 4 5 6 7 |  7.5
Armour         | 4 5 6 8 9 |  9.8
Shields        | 4 5 |  5.0
Axes           | 1 2 4 |  4.2
Stealth        | 2 3 5 7 8 |  8.0
Maces & Flails | 3 |  3.8

Action                     |  1- 3 |  4- 6 |  7- 9 | 10-12 || total
---------------------------+-------+-------+-------+-------++-------
  Melee: Rapier            |    44 |       |       |       ||    44
         Tailslap          |     7 |    10 |    37 |     5 ||    59
         Hand axe          |    34 |    84 |   136 |       ||   254
         Flail             |       |       |   118 |    31 ||   149
 Invoke: Curse Item        |       |       |     4 |     1 ||     5
    Use: Scroll            |       |     5 |     8 |       ||    13
         Potion            |       |     4 |     3 |     1 ||     8
   Stab: Sleeping          |       |       |     3 |       ||     3
         Held in net/web   |       |       |     1 |       ||     1
         Distracted        |       |       |     1 |     1 ||     2
 Armour: Scale mail        |    38 |    63 |   189 |    26 ||   316
  Dodge: Dodged            |    14 |    41 |   116 |    24 ||   195
  Block: Buckler           |    18 |    72 |   220 |    41 ||   351
         Reflection        |       |     1 |     2 |     5 ||     8

Table legend: (Time is in decaauts)
 A = Elapsed time spent in this place.
 B = Non-inter-level travel time spent in this place.
 C = Inter-level travel time spent in this place.
 D = Time resting spent in this place.
 E = Time spent auto-exploring this place.
 F = Levels seen in this place.
 G = Mean time per level.
                   A        B        C        D        E       F      G
               +--------+--------+--------+--------+--------+-----+--------+
         Total |   9861 |   9322 |    539 |   2233 |   4735 |   9 | 1095.7 |
       Dungeon |   9861 |   9322 |    539 |   2233 |   4735 |   9 | 1095.7 |
               +--------+--------+--------+--------+--------+-----+--------+

Top non-repeatable levels by time:
     D:4: 2612 daAuts
     D:7: 1562 daAuts
     D:5: 1410 daAuts
     D:1: 1132 daAuts
     D:8: 876 daAuts
     D:6: 774 daAuts
     D:3: 763 daAuts
     D:2: 620 daAuts
     D:9: 108 daAuts
